 Dungeon Crawl Stone Soup version 0.29.1-15-g9cfb28693d (webtiles) character file.

Game seed: 2335049093753861188

31486 Anriel the Nimble (level 13, -4/63 HPs)
             Began as a Deep Elf Hedge Wizard on Mar 3, 2023.
             Was a Believer of Sif Muna.
             Killed from afar by Jorgrun (67 damage)
             ... with an iron shot
             ... on level 13 of the Dungeon.
             The game lasted 02:02:34 (19629 turns).

Anriel the Nimble (Deep Elf Hedge Wizard)          Turns: 19629, Time: 02:02:34

Health: -4/63      AC: 14    Str:  7    XL:     13   Next: 26%
Magic:  18/28      EV: 18    Int: 28    God:    Sif Muna [**....]
Gold:   275        SH:  0    Dex: 16    Spells: 10/30 levels left

rFire   . . .      SeeInvis +   m - staff of air
rCold   + . .      Faith    .   (no shield)
rNeg    . . .      Spirit   .   E - +2 steam dragon scales
rPois   +          Reflect  .   v - +1 helmet of Ficotag {Slay+3}
rElec   +          Harm     .   p - +2 cloak
rCorr   .          Rampage  .   z - -1 pair of gloves "Hosuf" {Dex+2 Slay+3 SInv}
Will    +....                   M - +1 pair of boots of Dithmenos's Supremacy {+Blink +Inv Int-2 Stlth+}
Stlth   +++++.....              R - amulet of magic regeneration
HPRegen 0.20/turn               l - ring "Fuola" {rPois rC+ Int+5}
MPRegen 0.61/turn               (no ring)

@: studying Evocations
A: no striking features
a: Renounce Religion, Evoke Blink, Evoke Invisibility, Channel Magic


You were on level 13 of the Dungeon.
You worshipped Sif Muna.
Sif Muna was pleased with you.
You visited 2 branches of the dungeon, and saw 14 of its levels.
You also visited: Sewer and Bailey.

You collected 1409 gold pieces.
You spent 1134 gold pieces at shops.

Inventory:

Hand Weapons
 a - a +0 spectral dagger
 f - a +1 vampiric short sword
 x - a +2 dagger of venom
 F - the +5 trident of Biah {pain, Fragile rN++}
   (You found it on level 8 of the Dungeon)

   In the hands of one skilled in necromantic magic, it inflicts extra damage on
   living creatures.
   rN:        It greatly protects you from negative energy.
   Fragile:   It will be destroyed if unequipped.
 L - the +8 flail of Floods {vorpal, rN+++ Will- rCorr SInv}
   (You took it off an orc warrior on level 6 of the Dungeon)

   It inflicts extra damage upon your enemies.
   rN:        It renders you almost immune to negative energy.
   SInv:      It lets you see invisible.
   rCorr:     It protects you from acid and corrosion.
   Will:      It decreases your willpower.
 U - a +0 dagger of speed
Armour
 c - a +2 hat
 e - a +2 pair of boots
 k - a +2 robe of positive energy
 p - a +2 cloak (worn)
 q - a +0 pair of gloves
 r - a +1 leather armour of poison resistance
 v - the +1 helmet of Ficotag (worn) {Slay+3}
   (You took it off Robin on level 4 of the Dungeon)

   Slay:      It affects your accuracy & damage with ranged weapons and melee
   (+3).
 z - the -1 pair of gloves "Hosuf" (worn) {Dex+2 Slay+3 SInv}
   (You found it on level 5 of the Dungeon)

   Dex:       It affects your dexterity (+2).
   Slay:      It affects your accuracy & damage with ranged weapons and melee
   (+3).
   SInv:      It lets you see invisible.
 D - the +4 troll leather armour "Xifagem" {Fly rElec Regen+ Dex-3 SInv}
   (You found it in a bailey)

   Dex:       It affects your dexterity (-3).
   rElec:     It insulates you from electricity.
   SInv:      It lets you see invisible.
   Fly:       It grants you flight.
   Regen:     It increases your rate of health regeneration.
 E - +2 steam dragon scales (worn)
 H - a +0 crystal plate armour
 M - the +1 pair of boots of Dithmenos's Supremacy (worn) {+Blink +Inv Int-2 Stlth+}
   (You bought it in a shop on level 4 of the Dungeon)

   Int:       It affects your intelligence (-2).
   +Inv:      It lets you turn invisible.
   +Blink:    It lets you blink.
   Stlth:     It makes you more stealthy.
Magical Staves
 m - a staff of air (weapon)
 A - a staff of earth
Jewellery
 l - the ring "Fuola" (left hand) {rPois rC+ Int+5}
   (You bought it in a shop on level 8 of the Dungeon)

   [ring of poison resistance]

   Int:       It affects your intelligence (+5).
   rC:        It protects you from cold.
   rPois:     It protects you from poison.
 J - a ring of fire
 Q - a ring of fire
 R - an amulet of magic regeneration (around neck)
Wands
 b - a wand of mindburst (13)
 i - a wand of flame (45)
 u - a wand of quicksilver (6)
 w - a wand of paralysis (2)
 C - a wand of iceblast (20)
 S - a wand of polymorph (4)
Scrolls
 o - 4 scrolls of teleportation
 y - 3 scrolls of magic mapping
 B - 4 scrolls of identify
 I - 2 scrolls of fog
 N - a scroll of silence
 O - a scroll of brand weapon
 T - a scroll of immolation
Potions
 d - 2 potions of heal wounds
 g - 3 potions of brilliance
 h - 2 potions of flight
 j - 2 potions of berserk rage
 n - 3 potions of haste
 s - 2 potions of might
 t - 3 potions of lignification
 G - a potion of resistance
 K - 2 potions of ambrosia
 P - 4 potions of cancellation
 V - a potion of curing


   Skills:
 - Level 2.0 Armour
 - Level 11.2 Dodging
 - Level 7.3 Stealth
 + Level 9.1 Spellcasting
 - Level 9.2 Conjurations
 - Level 9.6 Hexes
 - Level 1.1 Summonings
 - Level 5.0 Translocations
 - Level 4.3 Fire Magic
 - Level 10.0 Air Magic
 + Level 6.2 Invocations
 - Level 10.0 Evocations


You had 10 spell levels left.
You knew the following spells:

 Your Spells              Type           Power      Damage    Failure   Level
a - Magic Dart            Conj           100%       1d8       1%          1
b - Blink                 Tloc           80%        N/A       1%          2
c - Slow                  Hex            100%       N/A       1%          1
d - Lightning Bolt        Conj/Air       39%        1d58      2%          5
e - Shock                 Conj/Air       100%       1d9       1%          1
f - Conjure Flame         Conj/Fire      50%        6-21      1%          3
g - Airstrike             Air            40%        2d(6-22)  1%          4
h - Confusing Touch       Hex            61%        N/A       1%          3

Your spell library contained the following spells:

 Spells                   Type           Power      Damage    Failure   Level
 Apportation              Tloc           80%        N/A       1%          1
 Searing Ray              Conj           100%       2d8       1%          2
 Gell's Gravitas          Tloc           40%        N/A       1%          3
 Lesser Beckoning         Tloc           40%        N/A       1%          3
 Mephitic Cloud           Conj/Pois/Air  65%        N/A       1%          3
 Portal Projectile        Hex/Tloc       100%       N/A       1%          3
 Swiftness                Air            81%        N/A       1%          3
 Teleport Other           Tloc           40%        N/A       1%          3
 Tukima's Dance           Hex            61%        N/A       1%          3
 Fulminant Prism          Conj/Hex       30%        3d16      1%          4
 Necrotise                Necr           48%        1d6       4%          1
 Call Imp                 Summ           18%        N/A       4%          2
 Summon Lightning Spire   Summ/Air       60%        N/A       4%          4
 Ignite Poison            Fire/Tmut/Pois 20%        N/A       8%          3
 Freezing Cloud           Conj/Ice/Air   32%        6-21      9%          5
 Frozen Ramparts          Ice            24%        1d4       13%         3
 Vampiric Draining        Necr           12%        2d6       13%         3
 Summon Ice Beast         Ice/Summ       15%        N/A       34%         4
 Dispel Undead            Necr           12%        3d9       41%         4
 Ice Form                 Ice/Tmut       12%        N/A       41%         4
 Agony                    Necr           12%        N/A       77%         5
 Alistair's Intoxication  Tmut/Pois      8%         N/A       77%         5
 Blade Hands              Tmut           6%         N/A       77%         5


Dungeon Overview and Level Annotations

Branches:
Dungeon (13/15)            Temple (1/1) D:7            Lair (0/5) D:8
    Orc (0/2) D:10          Sewer (visited)          Bailey (visited)
 Vaults: D:13-14

Altars:
Ashenzari
Cheibriados
Dithmenos
Elyvilon
Fedhas
Gozag
Hepliaklqana
Kikubaaqudgha
Makhleb
Nemelex Xobeh
Okawaru
Qazlal
Ru
Sif Muna
Trog
Uskayaw
Vehumet
Wu Jian
Xom
Yredelemnul
Zin
The Shining One

Shops:
D:4 [   D:5 :   D:8 =

Annotations:
D:13 Jorgrun


Message History

Here: Jorgrun, wielding a +0 vorpal quarterstaff and wearing a +0 robe of positive energy (asleep)
The floor.
Casting: Lightning Bolt (dangerous; 2% risk of failure)
Confirm with . or Enter, or press ? or * to list all spells.
Aiming: Lightning Bolt (dangerous; 2% risk of failure)
Press: ? - help, Shift-Dir - straight line, f - Jorgrun
Aim: Jorgrun, wielding a +0 vorpal quarterstaff and wearing a +0 robe of positive energy (asleep, 100% to hit)
Okay, then.
Casting: Lightning Bolt (dangerous; 2% risk of failure)
Confirm with . or Enter, or press ? or * to list all spells.
Aiming: Airstrike (dangerous; 1% risk of failure)
Press: ? - help, Dir - move target, f - Jorgrun
Aim: Jorgrun, wielding a +0 vorpal quarterstaff and wearing a +0 robe of positive energy (asleep, empty space bonus: 8/8)
You feel a surge of power!
The air twists around and strikes Jorgrun!
Jorgrun shouts!
Jorgrun is lightly wounded.
You hear a shout! x2
Casting: Airstrike (dangerous; 1% risk of failure)
Confirm with . or Enter, or press ? or * to list all spells.
Aiming: Airstrike (dangerous; 1% risk of failure)
Press: ? - help, Dir - move target, f/p - Jorgrun
Aim: Jorgrun, wielding a +0 vorpal quarterstaff and wearing a +0 robe of positive energy (lightly wounded, empty space bonus: 8/8)
You feel a surge of power!
The air twists around and strikes Jorgrun!!
Jorgrun is moderately wounded.
An ogre comes into view. It is wielding a +0 giant club. x2
Casting: Airstrike (dangerous; 1% risk of failure)
Confirm with . or Enter, or press ? or * to list all spells.
Aiming: Airstrike (dangerous; 1% risk of failure)
Press: ? - help, Dir - move target, f/p - Jorgrun
Aim: Jorgrun, wielding a +0 vorpal quarterstaff and wearing a +0 robe of positive energy (moderately wounded, empty space bonus: 8/8)
You feel a surge of power!
The air twists around and strikes Jorgrun!
Jorgrun is moderately wounded.
The ogre shouts! x2
Jorgrun points at you and mumbles some strange words.
The iron shot hits you!!!
Ouch! That really hurt!
You die...

#.....#
#.....#
#.....#
#.....#
#.....#
#.....#
#.....#
#.###.#
#.###@#
#.....#
#...$..#
#......#
#....g.#
#.##...#
#. #.O.#
# #O..#
....#


You could see Jorgrun and 2 ogres.

Vanquished Creatures
  2 hydras (D:12)
  4 skeletal warriors (D:12)
  Pikel (D:4)
  2 manticores (D:11)
  A cyclops (D:12)
  Maurice (D:9)
  2 unseen horrors
  Maggie (D:9)
  4 kobold demonologists
  A komodo dragon (D:11)
  3 trolls
  Grinder (D:4)
  4 slime creatures
  4 shadows
  3 wraiths
  15 yaks
  4 steam dragons
  Menkaure (D:6)
  2 water moccasins (D:8)
  7 orc warriors
  An ice beast (D:8)
  An ogre (D:5)
  2 black bears
  7 centaurs
  A phantom (D:10)
  19 kobold brigands
  3 scorpions
  A gnoll sergeant (D:11)
  9 bullfrogs
  A jelly (D:8)
  16 wights
  5 killer bees (D:9)
  2 troll zombies (D:10)
  2 hounds (D:5)
  5 orc priests
  A gnoll bouda (D:4)
  An iguana (D:5)
  7 orc wizards
  6 ogre zombies (D:10)
  Robin (D:4)
  11 gnolls
  4 river rats (D:5)
  12 adders
  A white imp (D:6)
  2 ufetubi
  10 worms
  2 dart slugs
  22 orcs
  5 endoplasms
  6 giant cockroaches
  15 goblins
  10 hobgoblins
  29 kobolds
  A quokka (D:2)
  9 ball pythons
  3 bats
  2 frilled lizards
  A goblin skeleton (D:10)
  2 goblin zombies (D:10)
  2 hobgoblin skeletons (D:10)
  3 hobgoblin zombies (D:10)
  An orc skeleton (D:10)
  16 orc zombies (D:10)
  8 rats
331 creatures vanquished.

Vanquished Creatures (collateral kills)
  Joseph (D:9)
  Sigmund (D:3)
  An adder (D:2)
3 creatures vanquished.

Vanquished Creatures (others)
  An orc wizard (D:8)
  40 fungi (D:8)
  35 plants (D:8)
76 creatures vanquished.

Grand Total: 410 creatures vanquished

Notes
Turn   | Place    | Note
-------+----------+-------------------------------------------
     0 | D:1      | Anriel the Deep Elf Hedge Wizard began the quest for the
                  | Orb.
     0 | D:1      | Reached XP level 1. HP: 10/10 MP: 7/7
   658 | D:1      | Reached XP level 2. HP: 14/15 MP: 2/9
   661 | D:1      | Learned a level 2 spell: Blink
   663 | D:1      | Learned a level 1 spell: Slow
   666 | D:1      | Learned a level 2 spell: Call Imp
  1580 | D:2      | Reached skill level 3 in Dodging
  1653 | D:2      | Reached skill level 5 in Spellcasting
  1653 | D:2      | Reached XP level 3. HP: 8/19 MP: 3/11
  2304 | D:2      | Reached skill level 1 in Hexes
  2800 | D:3      | Reached XP level 4. HP: 24/24 MP: 13/13
  2871 | D:3      | Found a faded altar of an unknown god.
  3137 | D:3      | Found a bloodstained altar of Trog.
  3137 | D:3      | Found a basalt altar of Yredelemnul.
  3139 | D:3      | Found a blossoming altar of Fedhas.
  3168 | D:3      | Found a sacrificial altar of Ru.
  3256 | D:3      | Noticed Sigmund
  3313 | D:3      | Learned a level 1 spell: Shock
  3327 | D:3      | Learned a level 3 spell: Conjure Flame
  3543 | D:3      | Killed Sigmund
  3544 | D:3      | Reached skill level 4 in Dodging
  3544 | D:3      | Reached XP level 5. HP: 27/28 MP: 7/14
  3685 | D:4      | Found Xoyla's Armour Boutique.
  3720 | D:4      | Reached XP level 6. HP: 32/32 MP: 9/15
  3916 | D:4      | Found a shimmering altar of Xom.
  4018 | D:4      | Noticed Pikel
  4189 | D:4      | Identified the +1 helmet of Ficotag {Slay+3}
  4189 | D:4      | Noticed Robin
  4201 | D:4      | Killed Robin
  4398 | D:4      | Noticed Grinder
  4832 | D:4      | Paralysed by Grinder for 4 turns
  4844 | D:4      | Paralysed by Grinder for 3 turns
  4853 | D:4      | Killed Grinder
  4854 | D:4      | Reached skill level 5 in Dodging
  4854 | D:4      | Reached skill level 1 in Air Magic
  4854 | D:4      | Reached XP level 7. HP: 16/36 MP: 6/16
  5041 | D:4      | Killed Pikel
  5042 | D:4      | Reached skill level 6 in Dodging
  5042 | D:4      | Reached XP level 8. HP: 41/41 MP: 4/17
  5340 | D:5      | Entered Level 5 of the Dungeon
  5536 | D:5      | Found a glowing drain.
  5553 | Sewer    | Entered a sewer
  5647 | Sewer    | Reached skill level 7 in Dodging
  5653 | Sewer    | Reached skill level 5 in Translocations
  6226 | Sewer    | Reached skill level 5 in Hexes
  6285 | Sewer    | Reached skill level 5 in Air Magic
  6385 | Sewer    | Reached skill level 5 in Stealth
  6524 | D:5      | Reached skill level 1 in Fire Magic
  6677 | D:5      | Reached skill level 1 in Armour
  6745 | D:5      | Reached XP level 9. HP: 39/45 MP: 12/18
  6959 | D:5      | Found Jusyonid's Book Emporium.
  7076 | D:5      | Reached skill level 5 in Conjurations
  7118 | D:5      | Identified the -1 pair of gloves "Hosuf" {Dex+2 Slay+3
                  | SInv}
  7433 | D:5      | Learned a level 4 spell: Airstrike
  7540 | D:5      | Found a burning altar of Makhleb.
  7981 | D:6      | You fall into a shaft and drop 3 floors!
  8223 | D:9      | Noticed Joseph
  8311 | D:9      | Found a flagged portal.
  8323 | Bailey   | Entered a bailey
  8807 | Bailey   | Found a bloodstained altar of Trog.
  8819 | Bailey   | Identified the +4 troll leather armour "Xifagem" {Fly rElec
                  | Regen+ Dex-3 SInv}
  8846 | Bailey   | Learned a level 5 spell: Lightning Bolt
  8891 | D:9      | Reached skill level 8 in Dodging
  9399 | D:9      | Reached XP level 10. HP: 39/50 MP: 16/21
  9519 | D:9      | Noticed Maurice
  9519 | D:9      | Noticed Maggie
  9609 | D:9      | Killed Joseph
  9610 | D:9      | Reached skill level 9 in Dodging
  9776 | D:9      | Killed Maurice
 10033 | D:9      | Killed Maggie
 10334 | D:8      | Found an iron altar of Okawaru.
 10906 | D:8      | Found a staircase to the Lair.
 10948 | D:8      | Reached skill level 10 in Dodging
 11085 | D:8      | Identified the +5 trident of Biah {pain, Fragile rN++}
 11279 | D:8      | Found an opulent altar of Gozag.
 11308 | D:8      | Found Ytassorph's Jewellery Boutique.
 11414 | D:8      | Found a white marble altar of Elyvilon.
 11418 | D:8      | Bought the ring "Fuola" {rPois rC+ Int+5} for 623 gold
                  | pieces
 12401 | D:7      | Reached XP level 11. HP: 54/54 MP: 4/22
 12519 | D:7      | Found a staircase to the Ecumenical Temple.
 12523 | Temple   | Entered the Ecumenical Temple
 12523 | Temple   | Found a transporter.
 12523 | Temple   | Found a transporter.
 12525 | Temple   | Found a transporter.
 12525 | Temple   | Found a transporter.
 13351 | D:6      | Noticed Menkaure
 13355 | D:6      | Killed Menkaure
 13497 | D:6      | Identified the +8 flail of Floods {vorpal, rN+++ Will-
                  | rCorr SInv}
 13503 | D:6      | Reached skill level 11 in Dodging
 13748 | D:6      | Got Sif Muna's Vellum of Loathsome Shaping
 14119 | D:4      | Bought the +1 pair of boots of Dithmenos's Supremacy
                  | {+Blink +Inv Int-2 Stlth+} for 291 gold pieces
 14194 | D:5      | Bought a book of Debilitation for 220 gold pieces
 14198 | D:5      | Learned a level 3 spell: Confusing Touch
 14325 | D:10     | Entered Level 10 of the Dungeon
 14463 | D:10     | Reached skill level 1 in Evocations
 14511 | D:10     | Found a shimmering blue altar of Sif Muna.
 14520 | D:10     | Became a worshipper of Sif Muna the Loreminder
 14543 | D:10     | Found a staircase to the Orcish Mines.
 14954 | D:10     | Reached * piety under Sif Muna
 15338 | D:10     | Found a sparkling altar of Nemelex Xobeh.
 16490 | D:11     | Reached skill level 1 in Invocations
 16792 | D:11     | Reached skill level 5 in Evocations
 17016 | D:11     | Reached ** piety under Sif Muna
 18524 | D:12     | Noticed an eight-headed hydra
 18546 | D:12     | Noticed a six-headed hydra
 18552 | D:12     | Killed a six-headed hydra
 18553 | D:12     | Reached XP level 12. HP: 59/59 MP: 10/23
 18872 | D:12     | Reached skill level 10 in Air Magic
 18872 | D:12     | Reached skill level 5 in Invocations
 18932 | D:12     | Reached XP level 13. HP: 63/63 MP: 23/27
 19281 | D:12     | Reached skill level 10 in Evocations
 19624 | D:13     | Noticed Jorgrun
 19629 | D:13     | Killed from afar by Jorgrun

Illustrated notes

Levels and vault maps discovered:
D:1:      doesnt_arrival_eight_statues, layout_loops_corners,
          minmay_misc_feat_secret_circle
D:2:      layout_basic, kennysheep_generic_room_12
D:3:      layout_basic, nicolae_overflow_quartered_altars,
          hellmonk_ecumenical_altar_run_dry, uniq_sigmund
D:4:      layout_rooms, mainiacjoe_overflow_concentric_impassable, serial_shops,
          nicolae_square_shop, hangedman_decor_opposing, uniq_robin,
          uniq_grinder, uniq_pikel
D:5:      layout_basic, lightli_temple_of_fire, lightli_sewer_entry_pipes,
          serial_shops, nicolae_shop_hallway_plus
D:6:      layout_basic, uniq_menkaure
D:7:      layout_basic, minmay_temple_entry_proselytizer, reono_crystal_passage,
          nicolae_elevator_lobby_asterisk
D:8:      layout_gridville, mainiacjoe_overflow_alcove_1,
          nicolae_gozag_cash_rules_everything_around_me,
          mainiacjoe_overflow_surrounded_room, due_lair_maze_entry_diamond,
          serial_shops, shop
D:9:      layout_irregular_city, enter_bailey_3, uniq_maggie, uniq_joseph,
          uniq_maurice
D:10:     layout_stronghold, nemelex_xobeh_ov_fountains_minmay,
          mainiacjoe_overflow_tiny_flanked, zombieorc2_lemuel
D:11:     layout_roguey, serial_bayou_pond_d, lightli_fourway_metalbox
D:12:     layout_basic, hangedman_decor_push
D:13:     layout_stronghold, david_vaults_4, uniq_snorg, uniq_erolcha,
          uniq_jorgrun, uniq_lodul, uniq_azrael
Temple:   hellmonk_temple_divided_pantheon

Skill      XL: |  1  2  3  4  5  6  7  8  9 10 11 12 13 |
---------------+----------------------------------------+-----
Dodging        | 3 4 5 6 7 8 10 11 | 11.2
Conjurations   | 2 3 4 6 8 9 |  9.2
Spellcasting   | 5 6 8 9 |  9.1
Stealth        | 3 5 7 |  7.3
Hexes          | 1 3 5 6 8 9 |  9.6
Translocations | 2 4 5 |  5.0
Air Magic      | 1 3 5 6 8 9 10 | 10.0
Fire Magic     | 2 4 |  4.3
Armour         | 1 2 |  2.0
Evocations     | 8 10 | 10.0
Invocations    | 4 5 6 |  6.2
Summonings     | |  1.1

Action                   |  1- 3 |  4- 6 |  7- 9 | 10-12 | 13-15 || total
-------------------------+-------+-------+-------+-------+-------++-------
Melee: Dagger            |    14 |     4 |    20 |    78 |       ||   116
       Staff             |       |     1 |     2 |     1 |       ||     4
       Punch             |       |       |       |     1 |       ||     1
 Cast: Magic Dart        |    99 |    47 |    40 |    49 |       ||   235
       Call Imp          |     2 |     9 |     2 |       |       ||    13
       Blink             |     2 |     3 |     3 |     4 |     2 ||    14
       Slow              |     3 |     1 |    11 |     5 |       ||    20
       Shock             |       |    53 |   212 |   132 |       ||   397
       Airstrike         |       |       |    25 |   105 |     4 ||   134
       Conjure Flame     |       |       |     6 |    11 |       ||    17
       Lightning Bolt    |       |       |       |    43 |    10 ||    53
  Use: Scroll            |    10 |     9 |    10 |    12 |       ||    41
       Potion            |       |     3 |     5 |     7 |       ||    15
 Stab: Sleeping          |     2 |     1 |     1 |     3 |       ||     7
       Distracted        |       |       |       |     1 |       ||     1
Armor: Robe              |    10 |    11 |    22 |       |       ||    43
       Steam dragon scal |       |       |     9 |    68 |     3 ||    80
Dodge: Dodged            |    24 |    34 |    98 |   148 |    13 ||   317
